 Dungeon Crawl Stone Soup version 0.28.0-45-g0d030f2227 (webtiles) character file.

Game seed: 15464470177287563456

448 Peloso the Covered (level 6, -1/56 HPs)
             Began as a Minotaur Fighter on Mar 31, 2022.
             Was an Initiate of Okawaru.
             Shot with an arrow by a centaur (5 damage)
             ... on level 5 of the Dungeon.
             The game lasted 00:05:13 (4266 turns).

Peloso the Covered (Minotaur Fighter)               Turns: 4266, Time: 00:05:14

Health: -1/56      AC: 11    Str: 20    XL:     6   Next: 73%
Magic:  5/5        EV:  7    Int:  5    God:    Okawaru [......]
Gold:   198        SH:  5    Dex: 12    Spells: 5/5 levels left

rFire   . . .      SeeInvis .   a - +0 long sword
rCold   . . .      Faith    .   c - +0 buckler
rNeg    . . .      Spirit   .   f - +0 chain mail
rPois   .          Reflect  .   (helmet restricted)
rElec   .          Harm     .   (no cloak)
rCorr   .          Rampage  .   k - +0 pair of gloves
Will    .....                   (no boots)
Stlth   ..........              (no amulet)
HPRegen 0.18/turn               (no ring)
MPRegen 0.09/turn               (no ring)

@: very slow
A: horns 2, retaliatory headbutt
a: Renounce Religion


You were on level 5 of the Dungeon.
You worshipped Okawaru.
Okawaru was noncommittal.
You visited 2 branches of the dungeon, and saw 6 of its levels.

You collected 198 gold pieces.

Inventory:

Hand Weapons
 a - a +0 long sword (weapon)
Armour
 b - a +0 scale mail
 c - a +0 buckler (worn)
 f - a +0 chain mail (worn)
 k - a +0 pair of gloves (worn)
Jewellery
 t - an amulet of magic regeneration
Wands
 o - a wand of flame (32)
 s - a wand of acid (10)
Scrolls
 e - a scroll of silence {unknown}
 h - a scroll of fog {unknown}
 i - a scroll of noise {unknown}
 j - 3 scrolls of enchant armour {unknown}
 l - 5 scrolls of teleportation {unknown}
 r - 2 scrolls of amnesia {unknown}
 u - a scroll of identify {unknown}
Potions
 d - 2 potions of might
 m - 2 potions of flight {unknown}
 n - a potion of mutation {unknown}
 p - a potion of magic {unknown}
 q - a potion of haste {unknown}


   Skills:
 + Level 5.0 Fighting
 + Level 5.7 Long Blades
 + Level 5.8 Armour
 + Level 1.2 Dodging
 + Level 4.5 Shields


You had 5 spell levels left.
You didn't know any spells.
Your spell library was empty.

Dungeon Overview and Level Annotations

Branches:
Dungeon (5/15)             Temple (1/1) D:5

Altars:
Ashenzari
Cheibriados
Elyvilon
Fedhas
Gozag
Hepliaklqana
Kikubaaqudgha
Makhleb
Nemelex Xobeh
Okawaru
Qazlal
Ru
Sif Muna
Trog
Uskayaw
Vehumet
Wu Jian
Xom
Yredelemnul
Zin
The Shining One

Shops:
D:1 (


Innate Abilities, Weirdness & Mutations

You have a pair of horns on your head.
You reflexively headbutt those who attack you in melee.


Message History

Found 3 silver boomerangs.
A centaur comes into view.
Found 10 gold pieces.
The centaur shouts!
You hear a shout!
The centaur wields a +0 shortbow.
The centaur shoots an arrow.
The arrow closely misses you.
A centaur is nearby!
Found 17 gold pieces.
The centaur shoots an arrow.
The arrow hits you!
An ogre comes into view. It is wielding a +0 giant spiked club.
The centaur unwields a +0 shortbow.
You block the centaur's attack. The centaur kicks you.
You block the centaur's attack.
The centaur kicks you but does no damage.
You hit the centaur.
The centaur is lightly wounded.
You block the centaur's attack.
The centaur kicks you but does no damage.
You hit the centaur.
The centaur is lightly wounded.
The centaur hits you but does no damage.
The centaur kicks you but does no damage.
You block the centaur's attack.
The centaur kicks you but does no damage.
The centaur wields a +0 shortbow.
The centaur shoots an arrow.
The arrow hits you!
The centaur shoots an arrow.
The arrow hits you.
The centaur shoots an arrow.
The arrow hits you!
The centaur shoots an arrow.
The arrow hits you.
The centaur shoots an arrow.
The arrow hits you.
* * * LOW HITPOINT WARNING * * *
The centaur shoots an arrow.
You block the arrow.
The centaur shoots an arrow.
The arrow hits you.
* * * LOW HITPOINT WARNING * * *
The centaur shoots an arrow.
The arrow hits you.
* * * LOW HITPOINT WARNING * * *
The centaur shoots an arrow.
The arrow hits you.
* * * LOW HITPOINT WARNING * * *
You enter the shallow water.
Moving in this stuff is going to be slow.
The centaur shoots an arrow.
The arrow hits you.
You die...

#........................#
#..........>.......<.....#
#........................#
##.......................#
##.....≈§≈............[.#
####.≈≈§§≈............##
#..≈§§§§§≈...##.....##
#.#§§≈>§§≈##.########
..#§≈§@§§§##.#...#
#.≈≈§§≈.##.#...#
#..§≈≈..#..#...#
#.#######......# #c#
#...#....#
#.#####.###.#### #.##....#
#.# #....#.## #.#
#..###c.###.# #.#


You could see a centaur.

Vanquished Creatures
  2 scorpions
  2 centaur zombies (D:5)
  A hound (D:5)
  A centaur skeleton (D:4)
  An iguana (D:4)
  An orc wizard (D:3)
  6 adders
  3 gnolls (D:3)
  A worm (D:4)
  4 dart slugs
  3 orcs (D:3)
  5 ball pythons (D:2)
  7 endoplasms
  2 giant cockroaches
  5 goblins
  7 hobgoblins
  5 quokkas
  6 bats
  3 frilled lizards
  4 kobolds
  5 rats
74 creatures vanquished.

Notes
Turn   | Place    | Note
-------+----------+-------------------------------------------
     0 | D:1      | Peloso the Minotaur Fighter began the quest for the Orb.
     0 | D:1      | Reached XP level 1. HP: 19/19 MP: 0/0
   486 | D:1      | Found Ofaitz's Antique Weapon Boutique.
   531 | D:1      | Reached XP level 2. HP: 27/27 MP: 1/1
   684 | D:1      | Found a faded altar of an unknown god.
  1006 | D:1      | Reached XP level 3. HP: 33/33 MP: 2/2
  1745 | D:2      | Reached XP level 4. HP: 40/40 MP: 3/3
  2402 | D:3      | Reached XP level 5. HP: 31/47 MP: 4/4
  2775 | D:4      | Reached skill level 5 in Armour
  3327 | D:4      | Reached skill level 5 in Long Blades
  3327 | D:4      | Reached skill level 1 in Dodging
  3327 | D:4      | Reached XP level 6. HP: 48/53 MP: 5/5
  3551 | D:5      | Entered Level 5 of the Dungeon
  3599 | D:5      | Found a staircase to the Ecumenical Temple.
  3663 | Temple   | Entered the Ecumenical Temple
  4167 | Temple   | Became a worshipper of Warmaster Okawaru
  4210 | D:5      | Reached skill level 5 in Fighting
  4266 | D:5      | Shot with an arrow by a centaur

Illustrated notes

Levels and vault maps discovered:
D:1:      lightli_arrival_windingriver, layout_loops_corners, serial_shops,
          nicolae_lakefront_shop, shapermc_ecumenical_altar_pompeii
D:2:      layout_rooms
D:3:      layout_basic
D:4:      layout_rooms
D:5:      layout_rooms, minmay_temple_entry_mist, serial_shops,
          nicolae_shop_hallway_plus
Temple:   roderic_octagonal_lattice_temple

Skill      XL: |  1  2  3  4  5  6 |
---------------+-------------------+-----
Armour         | 4 5 |  5.8
Fighting       | 4 5 |  5.0
Long Blades    | 3 4 5 |  5.7
Shields        | 4 |  4.5
Dodging        | 1 |  1.2

Action                   |  1- 3 |  4- 6 || total
-------------------------+-------+-------++-------
Melee: Long sword        |    93 |   109 ||   202
       Headbutt          |     8 |    17 ||    25
  Use: Potion            |       |     2 ||     2
Armor: Scale mail        |    12 |       ||    12
       Chain mail        |    51 |    98 ||   149
Dodge: Dodged            |    38 |    48 ||    86
Block: Buckler           |    21 |    41 ||    62
